[Event "EYCC Open U14 2018"]
[Site "Riga"]
[Date "2018.08.23"]
[Round "4"]
[White "Tadic, Stefan"]
[Black "Munshi, Aditya"]
[Result "1-0"]
[ECO "B10"]
[WhiteElo "2240"]
[BlackElo "2018"]
[Annotator "NA RC"]
[PlyCount "73"]
[EventDate "2018.08.20"]
[EventType "swiss"]
[EventCountry "LAT"]
[SourceTitle "playchess.com"]
[Source "ChessBase"]
[SourceQuality "1"]
[TimeControl "40/5400+30:1800+30"]

1. e4 c6 2. c4 d5 3. exd5 cxd5 4. cxd5 Nf6 5. Bb5+ Nbd7 6. Nc3 g6 7. Nf3 Bg7 8. d6 {[%emt 0:06:23] LiveBook: 14 Games} e6 9. d4 O-O 10. O-O a6 11. Be2 Nb6 12. Bf4 Nh5 13. Qd2 Nxf4 $14 14. Qxf4 Nd5 15. Nxd5 exd5 16. Rac1 Qb6 17. b3 Be6 18. Rc7 Rfd8 19. Ng5 Bh6 20. h4 Rxd6 21. Rxb7 Qxb7 22. Qxd6 Bxg5 23. hxg5 Qa7 24. Rd1 a5 25. Bf3 Qb7 26. Rc1 Rc8 27. Rc5 Re8 28. Rxa5 Bf5 29. Bxd5 Qc8 30. Rc5 Re1+ 31. Kh2 Qe8 32. Rc7 Be6 33. Re7 Qf8 34. Bxe6 fxe6 35. Rxe6 Qxf2 36. Qd8+ Kg7 37. Qf6+ 1-0

[Event "EYCC Open U14 2018"]
[Site "Riga"]
[Date "2018.08.24"]
[Round "5"]
[White "Kacharava, Nikolozi"]
[Black "Tsoi, Dmitry"]
[Result "1/2-1/2"]
[ECO "C41"]
[WhiteElo "2361"]
[BlackElo "2393"]
[Annotator "NA"]
[PlyCount "89"]
[EventDate "2018.08.20"]
[EventType "swiss"]
[EventCountry "LAT"]
[SourceTitle "playchess.com"]
[Source "ChessBase"]
[SourceQuality "1"]
[TimeControl "40/5400+30:1800+30"]

1. e4 e5 2. Nf3 d6 3. d4 exd4 4. Nxd4 Nf6 5. Nc3 Be7 6. g3 Nc6 {[%emt 0:01:40] C41: Philidor-Verteidigung} (6... O-O 7. Bg2 Re8 8. O-O Bf8 9. h3 Nbd7 10. Re1 c5 11. Nf5 Ne5 12. Bg5 h6 13. Bxf6 Qxf6 14. Nd5 Qd8 {½-½ (32) Oparin,G (2602)-Mamedyarov,S (2799) Moscow 2017}) 7. Bg2 Bg4 {[%emt 0:00:18] LiveBook: 19 Games} 8. Nxc6 bxc6 9. Qd2 O-O 10. O-O Qc8 11. b3 Bh3 12. Bb2 Bxg2 13. Kxg2 {[%emt 0:00:06] [#]} Nd7 $146 ({Vorgänger:} 13... Re8 14. f3 Qa6 15. Rfe1 Rad8 16. Ne2 Nd7 {½-½ (26) Goncharenko,G (2493)-Wilczek,T (2648) ICCF email 2011}) 14. Ne2 Bf6 15. c4 Re8 16. f3 c5 17. Nf4 Bxb2 18. Qxb2 Nf6 19. Rae1 Qb7 20. h3 Nd7 21. Nd5 a5 22. Rf2 Ne5 23. Re3 Nc6 24. h4 Ne5 25. h5 h6 26. g4 c6 27. Nf4 a4 28. Nd3 axb3 29. axb3 Nd7 30. f4 Rab8 $11 (30... Nf6 $17 31. Kf3 Qd7) 31. Qe2 Qc8 32. Nc1 Nf6 33. f5 d5 34. e5 Ne4 35. Rxe4 dxe4 36. Qxe4 Qd8 37. Nd3 Rxb3 38. Nxc5 Ra3 39. f6 Qc7 40. Nd3 gxf6 41. Rxf6 Qd8 42. Rg6+ Kf8 43. Qf4 Rxd3 44. Qxh6+ Ke7 45. Re6+ 1/2-1/2

[Event "EYCC Open U14 2018"]
[Site "Riga"]
[Date "2018.08.24"]
[Round "5"]
[White "Subelj, Jan"]
[Black "Boyer, Mahel"]
[Result "0-1"]
[ECO "C00"]
[WhiteElo "2341"]
[BlackElo "2189"]
[Annotator "NA"]
[PlyCount "76"]
[EventDate "2018.08.20"]
[EventType "swiss"]
[EventCountry "LAT"]
[SourceTitle "playchess.com"]
[Source "ChessBase"]
[SourceQuality "1"]
[TimeControl "40/5400+30:1800+30"]

1. e4 e6 2. d4 d5 3. Bd3 c5 4. exd5 exd5 5. dxc5 Bxc5 6. Nf3 Nf6 7. O-O O-O 8. Nbd2 Nc6 {[%emt 0:00:41] C01: Französische Verteidigung (Abtauschvariante)} 9. Nb3 Bb6 10. Bg5 {[%emt 0:06:47] LiveBook: 6 Games} (10. h3 Ne4 11. c3 Qf6 12. Bc2 Rd8 13. Nbd4 h6 14. Be3 Bd7 15. Re1 Qg6 {½-½ (38) Guseinov,G (2631)-Zvjaginsev,V (2659) Khanty-Mansiysk 2013}) 10... Bg4 11. Be2 Re8 12. Nfd4 Bxe2 13. Nxe2 Qe7 $146 ({Vorgänger:} 13... h6 14. Bxf6 Qxf6 15. c3 Rad8 16. Qd2 Re4 17. Rae1 Rde8 18. Ng3 Rxe1 19. Rxe1 Qxf2+ {0-1 (19) Dvirnyy,D (2447)-Contin,D (2291) Arvier 2009}) 14. Ng3 Qe5 15. Bxf6 Qxf6 16. Qxd5 Qxb2 $17 17. c4 Rad8 18. Qg5 Qe5 19. Nf5 g6 20. Nh6+ Kg7 21. Qh4 f5 22. Rae1 Qf6 23. Qf4 g5 24. Nxf5+ Kg6 25. Nh4+ gxh4 26. Qg4+ Qg5 27. Re6+ Rxe6 28. Qxe6+ Qf6 29. Qe4+ Kg7 30. c5 Bc7 31. f4 Rd7 32. Qe2 Qf5 33. Qf2 h3 34. gxh3 Kf8 35. Nd2 Nd4 36. Nf3 Nxf3+ 37. Qxf3 Qxc5+ 38. Kh1 Qd5 0-1

[Event "EYCC Open U14 2018"]
[Site "Riga"]
[Date "2018.08.24"]
[Round "5"]
[White "Pogosyan, Stefan"]
[Black "Van Dael, Siem"]
[Result "1-0"]
[ECO "E68"]
[WhiteElo "2331"]
[BlackElo "2174"]
[Annotator "NA"]
[PlyCount "55"]
[EventDate "2018.08.20"]
[EventType "swiss"]
[EventCountry "LAT"]
[SourceTitle "playchess.com"]
[Source "ChessBase"]
[SourceQuality "1"]
[TimeControl "40/5400+30:1800+30"]

1. d4 Nf6 2. c4 g6 3. Nc3 Bg7 4. g3 O-O 5. Bg2 d6 6. Nf3 Nbd7 7. O-O e5 8. e4 Re8 9. Re1 exd4 10. Nxd4 a6 11. h3 Rb8 12. f4 Nc5 13. b3 Bd7 14. Bb2 b5 15. cxb5 axb5 16. b4 Na4 17. Nxa4 bxa4 18. Nc2 ({White should try} 18. e5 $11 dxe5 19. fxe5) 18... Qc8 $11 19. g4 Nh5 20. Bxg7 Nxg7 21. f5 Qb7 22. a3 Bc6 23. f6 Ne6 24. Qd2 Kh8 25. Rac1 Qb6+ 26. Kh1 Ba8 27. Ne3 Nf4 28. Nc4 1-0

[Event "EYCC Open U14 2018"]
[Site "Riga"]
[Date "2018.08.24"]
[Round "5"]
[White "Trifan, Andrei Ioan"]
[Black "Hoffmann, Yair"]
[Result "1/2-1/2"]
[ECO "B14"]
[WhiteElo "2308"]
[BlackElo "2112"]
[Annotator "NA"]
[PlyCount "83"]
[EventDate "2018.08.20"]
[EventType "swiss"]
[EventCountry "LAT"]
[SourceTitle "playchess.com"]
[Source "ChessBase"]
[SourceQuality "1"]
[TimeControl "40/5400+30:1800+30"]

1. e4 c6 2. d4 d5 3. exd5 cxd5 4. c4 Nf6 5. Nc3 e6 6. Nf3 Be7 7. cxd5 Nxd5 8. Bd3 O-O 9. O-O Nc6 10. Re1 Nf6 11. a3 b6 12. Bg5 Bb7 13. Bc2 Rc8 {[%emt 0:04:14] LiveBook: 84 Games} 14. Qd3 g6 15. Rad1 Nd5 16. Bh6 Nxc3 17. bxc3 Re8 18. c4 Na5 (18... Bf8 $5 19. Bd2 Qc7 $11) 19. Ne5 Bg5 20. Qh3 Bxh6 21. Qxh6 Qf6 22. Ng4 Qg7 23. Qg5 $16 Kf8 24. c5 Red8 25. Qf4 g5 26. Qe3 Bd5 27. Bd3 Bb3 28. Rd2 Rxd4 29. cxb6 axb6 30. Ba6 Rcd8 31. Rxd4 Rxd4 32. Ne5 Rd6 33. Qc3 Kg8 34. Qc7 Rd5 35. Qxb6 Qf6 36. Qb4 Kg7 37. Qe4 Rd6 38. Bd3 h6 39. h3 Bd5 40. Qb4 Qd8 41. Be4 Bxe4 42. Qxe4 1/2-1/2

[Event "EYCC Open U14 2018"]
[Site "Riga"]
[Date "2018.08.24"]
[Round "5"]
[White "Patrelakis, Evaggelos"]
[Black "Kirillov, Dmitry"]
[Result "1/2-1/2"]
[ECO "C54"]
[WhiteElo "2235"]
[BlackElo "2209"]
[Annotator "NA"]
[PlyCount "66"]
[EventDate "2018.08.20"]
[EventType "swiss"]
[EventCountry "LAT"]
[SourceTitle "playchess.com"]
[Source "ChessBase"]
[SourceQuality "1"]
[TimeControl "40/5400+30:1800+30"]

1. e4 e5 2. Nf3 Nc6 3. Bc4 Bc5 4. c3 Nf6 5. d3 h6 6. Bb3 {[%emt 0:00:48] C54: Giuoco Piano: 4 c3 Nf6, main lines with 5 d4 and 5 d3} (6. b4 Bb6 7. a4 a6 8. O-O O-O 9. Bb3 d6 10. Nbd2 Be6 11. Bxe6 fxe6 12. Nc4 Ba7 13. Qb3 Qe8 14. Be3 Bxe3 15. Nxe3 {½-½ (54) Rapport,R (2707)-Safarli,E (2639) Riadh 2017}) 6... O-O 7. h3 d5 8. Qe2 Re8 9. Nbd2 Be6 {[%emt 0:04:27] LiveBook: 3 Games} 10. g4 Qd7 11. Nf1 $146 (11. g5 $11 hxg5 12. Nxg5) ({Predecessor:} 11. Ba4 Qd6 12. Nf1 a6 13. Ng3 Rad8 14. Nf5 Bxf5 15. gxf5 dxe4 16. dxe4 {1-0 (44) Turebayeva,A (2089)-Kiseleva,O (1752) Satka 2013}) 11... Rad8 12. Ng3 $1 a5 13. g5 dxe4 14. dxe4 Bxb3 15. axb3 hxg5 16. Bxg5 Qe6 17. Nf5 Ne7 18. Nxe7+ Bxe7 19. Rxa5 Ra8 20. Ra4 Rxa4 21. bxa4 Ra8 22. Qb5 Bd6 $14 (22... Nxe4 $15 23. Qxb7 Rxa4 24. Bxe7 Qxe7) 23. Bxf6 Qxf6 24. Nd2 c6 25. Qc4 Qf4 26. Ke2 Rd8 27. Qd3 Qh4 28. Qg3 Qh6 29. Nc4 b5 30. axb5 cxb5 31. Nxd6 Qxd6 32. Qe3 b4 33. Ra1 Qc6 1/2-1/2

[Event "EYCC Open U14 2018"]
[Site "Riga"]
[Date "2018.08.24"]
[Round "5"]
[White "Larkin, Vladislav"]
[Black "Tadic, Stefan"]
[Result "1-0"]
[ECO "A45"]
[WhiteElo "2212"]
[BlackElo "2240"]
[Annotator "NA"]
[PlyCount "117"]
[EventDate "2018.08.20"]
[EventType "swiss"]
[EventCountry "LAT"]
[SourceTitle "playchess.com"]
[Source "ChessBase"]
[SourceQuality "1"]
[TimeControl "40/5400+30:1800+30"]

1. d4 Nf6 2. Nc3 d5 3. Bf4 Bf5 {[%emt 0:01:46] D00: 1 d4 d5: Unusual lines} (3... e6 4. Nb5 Na6 5. e3 c6 6. Nc3 Nc7 7. Nf3 Bd6 8. Ne5 O-O 9. Qf3 Bb4 10. Bd3 Nb5 11. O-O Nxc3 12. bxc3 Bxc3 {0-1 (33) Jobava,B (2690)-Anand,V (2782) Riadh 2017}) 4. f3 c6 5. Qd2 e6 6. g4 Bg6 7. h4 h5 8. g5 {[%emt 0:00:22] LiveBook: 6 Games} Nfd7 9. a3 Be7 $146 ({Predecessor:} 9... Nb6 10. e4 Bd6 11. Nh3 Bxf4 12. Nxf4 {1-0 (52) Larkin,V (1915)-Bondar,D (1906) Bucha 2016}) 10. Nh3 (10. e4 $14) 10... O-O 11. Bh2 Re8 12. Nf4 Nf8 13. e3 Nbd7 14. Nd3 (14. Be2 $11) 14... b5 15. e4 a5 16. Bg2 Qb6 (16... b4 $5 17. Ne2 bxa3 $11) 17. Ne2 dxe4 18. fxe4 c5 19. c3 Rad8 20. O-O c4 21. Nf2 e5 22. Qe3 Ne6 23. Rad1 f6 $17 24. gxf6 Bxf6 25. Qg3 Kh7 26. d5 Nec5 27. Kh1 Nf8 28. Ng1 Rd6 29. Ngh3 Qd8 30. Ng5+ Kg8 31. Qe3 Na4 32. Rd2 Qb6 33. Qe2 Bxg5 34. hxg5 Bf7 35. Nh3 Qc7 36. Rf5 Nd7 37. Ng1 Bg6 38. Rf1 Nac5 39. Qe3 Qd8 40. Re2 Qe7 41. Bg3 Rb6 42. Rd2 b4 43. axb4 axb4 44. cxb4 Nb3 45. Rdf2 Nd4 46. Nf3 Nxf3 47. Rxf3 Rxb4 48. Be1 Rxb2 49. Bh3 Nb6 50. Be6+ Kh7 51. Rf7 Rb3 52. Bc3 Qa3 53. Bxe5 Rg8 54. Qf4 Re3 55. Bf5 Bxf5 56. Qxf5+ Kh8 57. Bxg7+ Rxg7 58. Rf8+ Rg8 59. Qf6+ 1-0

[Event "EYCC Open U14 2018"]
[Site "Riga"]
[Date "2018.08.24"]
[Round "5"]
[White "Risteski, Emil"]
[Black "Ognean, Mihnea Ionut"]
[Result "0-1"]
[ECO "B30"]
[WhiteElo "2081"]
[BlackElo "2293"]
[Annotator "NA"]
[PlyCount "36"]
[EventDate "2018.08.20"]
[EventType "swiss"]
[EventCountry "LAT"]
[SourceTitle "playchess.com"]
[Source "ChessBase"]
[SourceQuality "1"]
[TimeControl "40/5400+30:1800+30"]

1. e4 {[%emt 0:00:00] Finkel,A} c5 2. Nf3 Nc6 3. Nc3 e5 4. Bc4 Be7 5. d3 Nf6 6. Nd2 d6 7. Nf1 Bg4 8. f3 Be6 9. Ne3 O-O 10. O-O Nh5 {[%emt 0:04:36] B30: Sicilian: 2...Nc6 3 Bb5, lines without ...g6} 11. Ned5 Bg5 {[%emt 0:07:48] LiveBook: 4 Games} 12. Kh1 $146 ({Predecessor:} 12. Bxg5 Qxg5 13. Qc1 Qd8 14. a4 h6 15. Rf2 Ne7 16. Qd2 Nxd5 17. Nxd5 Nf6 18. Nxf6+ Qxf6 19. b3 b6 20. Raf1 Rad8 21. Qc3 Qg6 22. a5 Rb8 23. f4 exf4 24. Rxf4 Qg5 25. axb6 {½-½ (25) Adams,M (2719)-Leko,P (2763) San Luis 2005 CBM 110 [Finkel,A]}) 12... Rb8 13. a4 Nd4 14. g3 Bxc1 15. Rxc1 Qg5 16. Nb5 Qh6 17. Qe1 Ne2 18. Kg2 $19 Bh3+ 0-1

[Event "EYCC Open U14 2018"]
[Site "Riga"]
[Date "2018.08.24"]
[Round "5"]
[White "Karadzhov, Ivan"]
[Black "Suleymanli, Aydin Elshan"]
[Result "1/2-1/2"]
[ECO "A05"]
[WhiteElo "2009"]
[BlackElo "2323"]
[Annotator "NA"]
[PlyCount "107"]
[EventDate "2018.08.20"]
[EventType "swiss"]
[EventCountry "LAT"]
[SourceTitle "playchess.com"]
[Source "ChessBase"]
[SourceQuality "1"]
[TimeControl "40/5400+30:1800+30"]

1. Nf3 Nf6 2. g3 b5 3. Bg2 Bb7 4. d3 c5 5. O-O d6 {[%emt 0:01:51] A05: Réti Opening: 1 Nf3 Nf6} 6. e4 g6 {[%emt 0:03:32] LiveBook: 8 Games} 7. Nc3 $146 ({Predecessor:} 7. d4 cxd4 8. Nxd4 a6 9. Re1 e5 10. Nb3 Bg7 11. a4 b4 12. a5 O-O 13. Ra4 {1-0 (59) Kramnik,V (2777)-Ghaem Maghami,E (2596) Berlin 2015}) 7... b4 8. Ne2 Bg7 9. h3 O-O 10. Nd2 Nc6 11. f4 Nd7 12. g4 Nd4 13. Nxd4 Bxd4+ 14. Kh1 e6 15. Nf3 Bg7 16. h4 f5 17. exf5 exf5 18. g5 Qe7 19. Qd2 Rfe8 20. c3 (20. a3 $15) 20... Qf7 $17 21. Qc2 bxc3 22. bxc3 c4 23. Ba3 Re3 24. d4 Be4 25. Qc1 Rd3 26. Ne1 Qd5 27. Rf2 Bxg2+ 28. Nxg2 Re8 29. Kh2 h6 30. Rb1 Re4 31. Bb2 hxg5 32. hxg5 Re8 33. Qc2 Nb6 34. Rd1 Rxd1 35. Qxd1 Re4 36. Re2 Kf7 37. Qe1 Rxe2 38. Qxe2 Na4 39. Qc2 Nb6 40. Kg3 Qa5 41. Bc1 Nd5 42. Bd2 Bf8 43. Ne3 Nxe3 44. Bxe3 d5 45. Qb2 Qb6 46. Bc1 Qxb2 47. Bxb2 Ke6 48. Kf2 Kd7 49. Ke2 Kc6 50. Kd1 Kb5 51. Kc2 Ka4 52. Kb1 Be7 53. Bc1 Bd6 54. Bd2 1/2-1/2

[Event "EYCC Open U14 2018"]
[Site "Riga"]
[Date "2018.08.26"]
[Round "6"]
[White "Makarian, Rudik"]
[Black "Popov, Konstantin"]
[Result "0-1"]
[ECO "A05"]
[WhiteElo "2378"]
[BlackElo "2198"]
[Annotator "NA"]
[PlyCount "110"]
[EventDate "2018.08.20"]
[EventType "swiss"]
[EventCountry "LAT"]
[SourceTitle "playchess.com"]
[Source "ChessBase"]
[SourceQuality "1"]
[TimeControl "40/5400+30:1800+30"]

1. Nf3 Nf6 2. g3 g6 3. Bg2 Bg7 4. c4 d5 5. cxd5 O-O 6. O-O Nxd5 7. Nc3 Nb6 8. d3 Nc6 9. Be3 e5 10. Rc1 Nd4 {[%emt 0:01:29] A16: Englische Eröffnung} 11. Qd2 (11. Ne4 h6 12. Nc5 c6 13. a4 Qe7 14. a5 Nd5 15. Bxd4 exd4 16. Nb3 Rd8 17. a6 Nb4 18. axb7 Bxb7 {0-1 (75) Kurnosov,I (2657)-Le,Q (2712) Khanty-Mansiysk 2013}) 11... Re8 12. Bh6 Bh8 13. Nxd4 exd4 14. Ne4 Nd5 {[%emt 0:04:40] LiveBook: 4 Games} 15. Rc4 c6 16. Bg5 f6 17. Bh6 Nb6 18. Rc2 Nd5 $146 ({Vorgänger:} 18... Qe7) 19. a3 f5 20. Ng5 Qd6 21. Qa5 Nc7 22. Qa4 Ne6 23. Qb3 Bg7 24. Bxg7 Kxg7 25. Nxe6+ Rxe6 26. Rfc1 Re7 27. Qa4 Be6 28. Rc5 Bf7 29. Bf3 h5 30. b4 a6 31. b5 cxb5 32. Rxb5 axb5 33. Qxa8 g5 34. Re1 Qc7 35. Qa7 Qc3 36. Kf1 g4 37. Bh1 Rd7 38. Qb8 Qc7 39. Qxc7 Rxc7 40. Rb1 Be8 41. Ke1 Kf6 42. Kd2 Rc3 43. Rb4 Ke5 44. Rxd4 Rxa3 45. Rd5+ Ke6 46. Rc5 b6 47. Rc1 Kd6 48. f4 b4 49. Rc4 Ra2+ 50. Ke3 $19 b3 51. Rb4 b2 52. Rxb6+ Kc5 53. Rb8 Bb5 54. d4+ Kb4 55. Bc6 Ra5 0-1

[Event "EYCC Open U14 2018"]
[Site "Riga"]
[Date "2018.08.26"]
[Round "6"]
[White "Morgunov, Marc"]
[Black "Kacharava, Nikolozi"]
[Result "1-0"]
[ECO "C42"]
[WhiteElo "2373"]
[BlackElo "2361"]
[Annotator "NA"]
[PlyCount "165"]
[EventDate "2018.08.20"]
[EventType "swiss"]
[EventCountry "LAT"]
[SourceTitle "playchess.com"]
[Source "ChessBase"]
[SourceQuality "1"]
[TimeControl "40/5400+30:1800+30"]

1. e4 e5 2. Nf3 Nf6 3. Nxe5 d6 4. Nf3 Nxe4 5. Nc3 Nxc3 6. dxc3 Nd7 7. Be3 Be7 8. Qd2 {[%emt 0:03:45] C42: Petroff Defence: 3 Nxe5 and unusual White 3rd moves} c6 (8... O-O 9. O-O-O c6 10. h4 d5 11. Kb1 Nf6 12. Bd3 Re8 13. Ng5 h6 14. f3 c5 15. g4 c4 {1-0 (28) Aronian,L (2767)-Anand,V (2768) Saint Louis 2018}) 9. c4 O-O 10. O-O-O Ne5 11. Nxe5 dxe5 12. Bd3 Be6 13. Qe2 Qa5 14. Kb1 b5 15. Bd2 Qc7 {[%emt 0:04:23] [#]} 16. cxb5 $146 ({Predecessor:} 16. Bc3 bxc4 17. Bxc4 Bxc4 18. Qxc4 {1-0 (37) Vetoshko,V (2521)-Bykovskiy,O (2261) Suwalki 2018}) 16... cxb5 17. Bc3 f6 18. f4 b4 19. Qh5 g6 20. Bxg6 Bc5 21. Bf5 Bxf5 22. Qxf5 Rad8 23. Bd2 Qd7 24. Qh5 Qe6 25. fxe5 Qxe5 26. Qg4+ Kh8 27. Bh6 Rxd1+ 28. Rxd1 f5 29. Qh4 Be7 30. Qe1 Qxe1 31. Rxe1 Rf7 32. Kc1 Kg8 33. h3 Kh8 34. Re5 Kg8 35. Kd1 Rf6 36. Rxe7 Rxh6 37. Rxa7 Rg6 38. Ra5 Rxg2 39. Rxf5 Rg1+ 40. Kd2 Rb1 41. Ra5 Kf7 42. Ra4 Rh1 43. Rxb4 Rh2+ 44. Kc3 Rxh3+ 45. Kd2 Rh2+ 46. Ke3 Rh3+ 47. Kf2 Rh2+ 48. Kf3 Rxc2 49. a4 Ke6 50. Ke4 Kd6 51. Kd4 h5 52. Kd3 Rg2 53. Kc3 Rg3+ 54. Kc2 Rg2+ 55. Kb3 Rg3+ 56. Ka2 Rg4 57. Rb6+ Kc7 58. Ra6 Kb7 59. Ra5 h4 60. Ka3 Rg1 61. Rh5 Rh1 62. a5 h3 63. Ka4 Rb1 64. b4 Rh1 65. Kb5 Rg1 66. Rh7+ Ka8 67. Rxh3 Rg5+ 68. Ka4 Rg7 69. a6 Ka7 70. Ka5 Rg5+ 71. b5 Rf5 72. Rh7+ Ka8 73. Rd7 Rc5 74. Kb6 Rc8 75. Ka5 Rc5 76. Kb4 Rh5 77. b6 Rh4+ 78. Kc5 Rh8 79. Kc6 Rg8 80. b7+ Kb8 81. Rd6 Ka7 82. Kc7 Rc8+ 83. bxc8=N+ 1-0

[Event "EYCC Open U14 2018"]
[Site "Riga"]
[Date "2018.08.26"]
[Round "6"]
[White "Gines Esteo, Pedro Antonio"]
[Black "Kochavi, Ori"]
[Result "0-1"]
[ECO "A48"]
[WhiteElo "2336"]
[BlackElo "2138"]
[Annotator "NA"]
[PlyCount "180"]
[EventDate "2018.08.20"]
[EventType "swiss"]
[EventCountry "LAT"]
[SourceTitle "playchess.com"]
[Source "ChessBase"]
[SourceQuality "1"]
[TimeControl "40/5400+30:1800+30"]

1. d4 Nf6 2. Nf3 g6 3. Bg5 Bg7 4. Nbd2 c5 5. c3 cxd4 6. cxd4 O-O 7. e3 {[%emt 0:00:51] A48: 1 d4 Nf6 2 Nf3 g6: Torre, London and Colle Systems} Nc6 (7... Qb6 8. Nc4 Qb4+ 9. Qd2 Nc6 10. Rc1 Qxd2+ 11. Ncxd2 d6 12. h3 Bd7 13. Be2 Rfc8 14. a3 h6 {½-½ (70) Zeng,C (2540)-Bai,J (2579) China 2018}) 8. Be2 d6 9. O-O h6 10. Bh4 e5 11. Nc4 Qe7 $146 ({Predecessor:} 11... e4 12. Nfd2 Re8 13. Bg3 Bf8 14. Nb1 b5 {1-0 (43) Rozhko,D (2329)-Vorobjov,D (2171) Voronezh 2014}) 12. dxe5 dxe5 13. Qd6 Qxd6 14. Nxd6 Ne8 15. Nxc8 Rxc8 16. Nd2 f5 17. f3 Nd6 18. Rfd1 g5 19. Bf2 Rfd8 20. Nc4 Nf7 21. Rxd8+ Ncxd8 22. Rd1 Bf8 23. g4 fxg4 24. fxg4 b5 25. Na5 a6 26. Bf3 Rc7 27. Bd5 Bb4 28. Nb3 Rc2 29. a3 Bd6 30. Rd2 Rc7 31. e4 Kf8 32. Bb6 Rc8 33. Rf2 Ke7 34. Kg2 Rb8 35. Ba7 Rc8 36. Bb6 Rb8 37. Be3 Rc8 38. Na5 Rc7 39. Bb6 Rc1 40. Nb7 Ne6 41. Rxf7+ Kxf7 42. Nxd6+ Kf6 43. Ne8+ Ke7 44. Bxe6 Rc2+ 45. Bf2 Kxe8 (45... Kxe6 $11 {keeps the balance.} 46. b4 Rc4) 46. b4 Ke7 47. Bd5 Rc3 48. Bc5+ Kf6 49. Bf8 Kg6 50. Bd6 Kf6 51. Bb7 Rxa3 52. Bc7 Ra2+ 53. Kf3 Ra3+ 54. Kf2 Ra2+ 55. Ke3 Ra3+ 56. Ke2 Ra4 57. Ba5 Ra2+ 58. Ke3 Ra3+ 59. Ke2 Ra2+ 60. Kd3 Ra3+ 61. Kd2 Ra2+ 62. Kc3 Rxh2 63. Bxa6 Rh3+ 64. Kd2 Rg3 65. Bxb5 Rxg4 66. Bc6 Rg2+ 67. Kc3 Ke6 68. Bc7 Rg3+ 69. Kc2 Rg2+ 70. Kc3 Rg3+ 71. Kd2 Rg2+ 72. Ke1 Rb2 73. b5 h5 74. b6 h4 75. Kf1 h3 76. Kg1 g4 77. b7 Rb1+ 78. Kh2 Rb2+ 79. Kg3 Rg2+ 80. Kh4 $11 h2 81. Bd5+ Kd7 82. b8=Q h1=Q+ 83. Kg5 Qc1+ 84. Kg6 Qxc7 85. Qb5+ Ke7 86. Kg7 Rf2 87. Qb4+ Kd8+ 88. Kg8 Rf6 89. Qd2 Rg6+ 90. Kf8 Qg7# 0-1

[Event "EYCC Open U14 2018"]
[Site "Riga"]
[Date "2018.08.26"]
[Round "6"]
[White "Pogosyan, Stefan"]
[Black "Larkin, Vladislav"]
[Result "1-0"]
[ECO "D11"]
[WhiteElo "2331"]
[BlackElo "2212"]
[Annotator "NA"]
[PlyCount "119"]
[EventDate "2018.08.20"]
[EventType "swiss"]
[EventCountry "LAT"]
[SourceTitle "playchess.com"]
[Source "ChessBase"]
[SourceQuality "1"]
[TimeControl "40/5400+30:1800+30"]

1. d4 d5 2. c4 c6 3. Nf3 Nf6 4. Qc2 g6 5. e3 Bg7 6. Bd3 O-O {[%emt 0:02:31] D11: Damengambit (Slawische Verteidigung)} (6... e6) 7. O-O dxc4 8. Bxc4 Bf5 9. Qe2 Nbd7 10. Nc3 Ne4 $146 ({Vorgänger:} 10... Bg4 11. h3 Bxf3 12. Qxf3 e5 13. Bb3 exd4 14. exd4 {0-1 (39) Bermejo Martinez,J (2215)-Bosque Ortega,X (2282) Benidorm 2007}) 11. Nh4 Nxc3 12. bxc3 Be4 13. Nf3 Qa5 14. Bb2 Nb6 15. Bb3 Na4 16. Nd2 Bd5 17. Bxa4 Qxa4 18. c4 Be6 19. Rfb1 Rfd8 20. Qd3 b5 21. cxb5 c5 22. Nb3 Bc4 23. Nxc5 Bxd3 24. Nxa4 Bxb1 25. Rxb1 e5 26. dxe5 Rd2 27. Bd4 Rxa2 28. Nc3 Rc2 29. Nd5 Kf8 30. f4 Ke8 31. Ra1 Rd8 32. Nb4 Rc7 33. b6 axb6 34. Bxb6 Rb7 35. Bxd8 Rxb4 36. Bc7 Rb7 37. Bd6 Kd7 38. Ra8 f6 39. Rg8 Ke6 40. Bf8 Bxf8 41. Rxf8 fxe5 42. Re8+ Kf6 43. Rxe5 Rb2 44. h3 h6 45. Kh2 Re2 46. Kg3 g5 47. Kf3 gxf4 48. exf4 Rxe5 49. fxe5+ Kxe5 50. Kg4 Kf6 51. Kf4 Ke6 52. g4 Kf6 53. h4 Ke6 54. Ke4 Kf6 55. Kd5 h5 56. g5+ Ke7 57. Ke5 Kf7 58. Kd6 Kg8 59. Ke6 Kg7 60. Ke7 1-0

[Event "EYCC Open U14 2018"]
[Site "Riga"]
[Date "2018.08.26"]
[Round "6"]
[White "Suleymanli, Aydin Elshan"]
[Black "Prydun, Andriy"]
[Result "1-0"]
[ECO "A00"]
[WhiteElo "2323"]
[BlackElo "2072"]
[Annotator "NA"]
[PlyCount "97"]
[EventDate "2018.08.20"]
[EventType "swiss"]
[EventCountry "LAT"]
[SourceTitle "playchess.com"]
[Source "ChessBase"]
[SourceQuality "1"]
[TimeControl "40/5400+30:1800+30"]

1. b4 e5 2. Bb2 Bxb4 3. Bxe5 Nf6 4. Nf3 O-O 5. e3 d5 6. Be2 Re8 {[%emt 0:04:35] A00: Unregelmäßige Eröffnungen} 7. O-O Bd6 (7... c5 8. Bb2 Nc6 9. d3 Bg4 10. h3 Bh5 11. Nbd2 Ba5 12. c4 dxc4 13. Nxc4 Bc7 {0-1 (33) Ivanchuk,V (2753)-Giri,A (2734) Leon 2013}) 8. Bb2 Bg4 9. d3 Nbd7 10. Nbd2 a5 $146 ({Vorgänger:} 10... c6 11. c4 Qc7 12. h3 Bxf3 13. Bxf3 Ne5 14. cxd5 cxd5 15. Qb3 {½-½ (15) Chirpii,A (1878)-Zakharov,A (2329) Vienna 2015}) 11. c4 a4 12. Rb1 b6 13. cxd5 Nxd5 14. Nc4 Bf8 15. h3 Bh5 16. Ba1 c6 17. Nfe5 Bxe2 18. Qxe2 Nxe5 19. Nxe5 Qc7 20. d4 f6 21. Nf3 Re6 22. Rfc1 Bb4 23. Qc4 Qe7 24. Rc2 Rd8 25. Bb2 b5 26. Qd3 a3 27. Bc1 c5 28. Qxb5 Nc3 29. Rxc3 Bxc3 30. Bxa3 Bb4 31. Bxb4 cxb4 32. Rxb4 Qd7 33. Qc4 Qd5 34. Qc2 Ra6 35. Rc4 Qa5 36. a4 Rda8 37. Rc8+ Rxc8 38. Qxc8+ Kf7 39. Qd7+ Kf8 40. d5 Qxa4 41. Qc8+ Kf7 42. Qc7+ Kg8 $16 43. Nd4 Qe8 44. d6 Ra1+ 45. Kh2 Qe5+ 46. f4 Qxe3 47. Qc4+ Kf8 48. Ne6+ Kf7 49. Qc7+ 1-0

[Event "EYCC Open U14 2018"]
[Site "Riga"]
[Date "2018.08.26"]
[Round "6"]
[White "Ognean, Mihnea Ionut"]
[Black "Kirillov, Dmitry"]
[Result "1-0"]
[ECO "D27"]
[WhiteElo "2293"]
[BlackElo "2209"]
[Annotator "NA"]
[PlyCount "57"]
[EventDate "2018.08.20"]
[EventType "swiss"]
[EventCountry "LAT"]
[SourceTitle "playchess.com"]
[Source "ChessBase"]
[SourceQuality "1"]
[TimeControl "40/5400+30:1800+30"]

1. d4 d5 2. c4 dxc4 3. e3 Nf6 4. Bxc4 e6 5. Nf3 c5 6. O-O a6 7. a4 Nc6 8. Qe2 cxd4 9. Rd1 Be7 10. exd4 O-O 11. Nc3 Nb4 12. Ne5 b6 13. Bg5 {[%emt 0:06:50] D27: Queen's Gambit Accepted: Classical main line: 7 e4!? and 7 a4} Bb7 14. Re1 Nfd5 15. Bxe7 Qxe7 16. Nxd5 $146 ({Predecessor:} 16. Rac1 Nf4 17. Qg4 Nxg2 18. Re4 f5 19. Qxg2 fxe4 20. Re1 Rad8 21. Nxe4 Rxd4 22. Qg4 Rxc4 23. Nxc4 Nd3 24. Re2 Rf4 25. Qg2 Nxf2 26. Rxf2 Rxe4 {0-1 (26) Bimiev,A (2076)-Ladva,O (2513) St Petersburg 2016}) 16... Nxd5 17. Ra3 Rfd8 18. Rg3 Nf6 19. Qe3 Ne4 20. Rh3 Qd6 $2 {[%emt 0:04:59] [#]} (20... Qb4 $11 {and Black stays safe.}) 21. Qf4 $1 Nf6 22. Rg3 Kf8 23. Rxg7 Kxg7 24. Qg5+ Kf8 25. Qxf6 Qc7 26. Bxe6 Rd6 27. Nd7+ $18 (27. Qh6+ $142 Kg8 28. Qg5+ Kf8 29. Bxf7) 27... Rxd7 28. Qh8+ Ke7 29. Bd5+ 1-0